 Dungeon Crawl Stone Soup version 0.22-a0-362-g535178c (webtiles) character file.

39 recollect the Sneak (level 3, -3/24 HPs)
             Began as an Octopode Assassin on Apr 20, 2018.
             Slain by an orc
             ... wielding a +0 trident
              (6 damage)
             ... on level 2 of the Dungeon.
             The game lasted 00:01:02 (895 turns).

recollect the Sneak (Octopode Assassin)              Turns: 895, Time: 00:01:03

Health: -3/24      AC:  1    Str: 10    XL:     3   Next: 45%
Magic:  3/3        EV: 13    Int: 13    God:
Gold:   86         SH:  0    Dex: 14    Spells: 2/2 levels left

rFire    . . .     SeeInvis .   a - +2 dagger
rCold    . . .     Gourm    .   (no shield)
rNeg     . . .     Faith    .   (helmet restricted)
rPois    .         Spirit   .   (no amulet)
rElec    .         Reflect  .   (no ring)
rCorr    .         Harm     .   (no ring)
MR       .....                  (no ring)
Stlth    ++++......             (no ring)
HPRegen  0.08/turn              (no ring)
MPRegen  0.08/turn              (no ring)
                                (no ring)
                                (no ring)

@: no status effects
A: almost no armour, stealthy swim, amphibious, 8 rings, constrict 8, camouflage
1, gelatinous body 1
a: no special abilities


You were on level 2 of the Dungeon.
You were not hungry.

You visited 1 branch of the dungeon, and saw 2 of its levels.

You collected 86 gold pieces.

Inventory:

Hand Weapons
 a - a +2 dagger (weapon)
 b - a +0 blowgun
Missiles
 c - 26 poisoned needles
 d - 2 curare-tipped needles
Jewellery
 h - an uncursed ring of protection from fire {unknown}
Scrolls
 g - a scroll of blinking {unknown}
 j - a scroll of immolation {unknown}
 k - 2 scrolls of identify {unknown}
 l - a scroll of enchant weapon {unknown}
 m - a scroll of teleportation {unknown}
Potions
 e - 2 potions of invisibility {unknown}
 i - 3 potions of magic {unknown}
Comestibles
 f - 2 rations


   Skills:
 + Level 2.2 Fighting
 + Level 2.2 Short Blades
 + Level 2.0 Throwing
 + Level 1.4 Dodging
 + Level 6.5 Stealth


You had 2 spell levels left.
You didn't know any spells.

Dungeon Overview and Level Annotations

Branches:
Dungeon (2/15)

Altars:


Innate Abilities, Weirdness & Mutations

You cannot wear most types of armour.
You are very stealthy in the water. (Stealth+)
You are amphibious.
You can wear up to eight rings at the same time.
You can use your tentacles to constrict eight enemies at once.
Your skin changes colour to match your surroundings (Stealth+).
Your rubbery body absorbs attacks. (AC +1, EV +1)


Message History

You hit the kobold but do no damage. Your grab misses the kobold.
The kobold hits you with a short sword.
The orc hits you from afar with a trident.
* * * LOW HITPOINT WARNING * * *
You hit the kobold. You grab the kobold. You squeeze the kobold.
The kobold is severely wounded.
You constrict the kobold, but do no damage.
The kobold hits you with a short sword.
* * * LOW HITPOINT WARNING * * *
You hit the kobold.
You kill the kobold!
The orc closely misses you.
Things that are here:
a rat corpse; a frilled lizard corpse The orc barely misses you.
Things that are here:
a jackal corpse; an adder corpse You barely miss the orc.
You grab the orc. You constrict the orc. The orc hits you with a trident.
You die...

#....>..#
#.......#
#.......#
#.......#
#(....o.#
#....ho.#
#{# #o#
#@# #†#
#.# ...
###.? #.#
.# .# .


You could see an orc wizard, 2 orcs and a jackal.

Vanquished Creatures
  An adder (D:2)
  A dart slug (D:1)
  3 bats
  3 goblins
  3 hobgoblins (D:1)
  5 jackals
  5 frilled lizards
  A kobold (D:2)
  6 rats
28 creatures vanquished.

Notes
Turn   | Place    | Note
-------+----------+-------------------------------------------
     0 | D:1      | recollect the Octopode Assassin began the quest for the Orb.
     0 | D:1      | Reached XP level 1. HP: 14/14 MP: 1/1
   158 | D:1      | Reached XP level 2. HP: 19/19 MP: 2/2
   305 | D:1      | Reached skill level 6 in Stealth
   875 | D:2      | Reached XP level 3. HP: 19/24 MP: 3/3
   895 | D:2      | Slain by an orc

Vault maps used:
D:1:      minmay_arrival_up_and_down
D:2:      bloody_trog, moated_statue, mrwooster_statue_mirror

Skill      XL: |  1  2 |
---------------+-------+-----
Stealth        | 6 |  6.5
Fighting       | |  2.2
Short Blades   | |  2.2
Throwing       | |  2.0
Dodging        | |  1.4

Action                   || total
-------------------------++-------
Melee: Dagger            ||    52
       Constrict         ||    11
       Tentacles         ||     7
 Stab: Sleeping          ||    11
Armor: Skin              ||     3
Dodge: Dodged            ||    30

Table legend:
 A = Spawn XP
 B = Non-spawn XP
 C = Spawn XP percentage of total XP
 D = Spawn monster count
 E = Non-spawn monster count
 F = Spawn count percentage of total count
 G = Total turns spent on level
                    A         B        C        D         E        F      G
               +---------+---------+-------+---------+---------+-------+---------
         Total |       0 |      56 |   0.0 |       0 |      28 |   0.0 |   895
               +---------+---------+-------+---------+---------+-------+---------
           D:1 |       0 |      25 |   0.0 |       0 |      15 |   0.0 |   849
           D:2 |       0 |      31 |   0.0 |       0 |      13 |   0.0 |    46
               +---------+---------+-------+---------+---------+-------+---------
